 Dungeon Crawl Stone Soup version 0.32-a0-136-gc02482bde3 (webtiles) character file.

Game seed: 2906097552481464319

30 Destinykillz the Conjurer (level 3, 0/28 HPs)
             Began as a Demonspawn Reaver on Feb 10, 2024.
             Slain by an orc priest
             ... wielding a +0 hand axe
              (1 damage)
             ... on level 3 of the Dungeon.
             The game lasted 00:01:39 (835 turns).

Destinykillz the Conjurer (Demonspawn Reaver)        Turns: 835, Time: 00:01:40

Health: 0/28       AC:  6    Str: 14    XL:     3   Next: 3%
Magic:  6/6        EV: 16    Int: 13    God:
Gold:   62         SH:  0    Dex: 11    Spells: 5/6 levels left

rFire   . . .        a - +0 falchion
rCold   . . .        (no shield)
rNeg    . . .        b - +0 leather armour
rPois   .            (no helmet)
rElec   .            (no cloak)
rCorr   .            (no gloves)
SInv    .            g - +0 pair of boots
Will    .....        (no amulet)
Stlth   +            i - +5 ring of evasion
HPRegen 0.24/turn    (no ring)
MPRegen 0.10/turn

%: no passive effects
@: no status effects
A: icy blue scales 1, foul stench 1
a: no special abilities


You were on level 3 of the Dungeon.
You visited 1 branch of the dungeon, and saw 3 of its levels.

You collected 82 gold pieces.
You spent 20 gold pieces at shops.

Inventory:

Hand Weapons
 a - a +0 falchion (weapon)
Armour
 b - a +0 leather armour (worn)
 g - a +0 pair of boots (worn)
Jewellery
 i - a +5 ring of evasion (left hand)
Scrolls
 c - a scroll of identify
 e - a scroll of fear
 f - a scroll of teleportation {unknown}
 h - a scroll of amnesia {unknown}


   Skills:
 + Level 2.3 Fighting
 + Level 2.9 Long Blades
 + Level 2.1 Dodging
 + Level 2.2 Spellcasting
 + Level 3.3 Conjurations


You had 5 spell levels left.
You knew the following spells:

 Your Spells              Type           Power      Damage    Failure   Level
a - Kiss of Death         Conj/Necr      20%        2d7       16%         1

Your spell library contained the following spells:

 Spells                   Type           Power      Damage    Failure   Level
 Momentum Strike          Conj/Tloc      10%        3d8       24%         2
 Hailstorm                Conj/Ice       5%         3d5       43%         3


Dungeon Overview and Level Annotations

Branches:
Dungeon (3/15)

Altars:

Shops:
D:3 *

Annotations:
D:3 Ijyb


Innate Abilities, Weirdness & Mutations

You are partially covered in icy blue scales. (AC +2)
You may rarely emit foul miasma when damaged in melee.


Message History

The orc is almost dead.
The orc hits you with a +0 dagger. The orc closely misses you.
You are too injured to fight recklessly!
You are too injured to fight recklessly!
You are too injured to fight recklessly!
You are too injured to fight recklessly!
You are too injured to fight recklessly!
You closely miss the orc.
Ijyb screams, "Time for continue experiment!"
The orc barely misses you.
You hit the orc but do no damage. The orc hits you but does no damage.
The orc priest completely misses you. The orc barely misses you.
The orc priest looks encouraged for a moment.
The orc hits you but does no damage. The orc closely misses you.
You slash the orc!
You kill the orc!
The orc hits you but does no damage.
The orc priest hits you but does no damage.
You have reached level 3!
Your experience leads to an increase in your attributes!
Increase (S)trength, (I)ntelligence, or (D)exterity?
You feel stronger. x2; Your demonic ancestry asserts itself...
You begin to emit a foul stench of rot and decay.
You closely miss Ijyb. Ijyb barely misses you. The orc completely misses you.
The orc priest closely misses you.
You hit Ijyb but do no damage.
Ijyb zaps a wand.
The puff of flame hits you. The orc misses you.
The orc priest looks satisfied for a moment.
You hit Ijyb but do no damage. Ijyb hits you with a +0 club.
The orc closely misses you. The orc priest misses you.
You closely miss Ijyb. Ijyb misses you. The orc hits you with a +0 dagger.
The orc priest completely misses you.
You hit Ijyb but do no damage.
Ijyb zaps a wand.
The puff of flame hits you!
* * * LOW HITPOINT WARNING * * *
The orc barely misses you.
The orc priest hits you but does no damage.
You hit Ijyb but do no damage. Your punch misses Ijyb. Ijyb barely misses you.
The orc misses you.
The orc priest hits you with a +0 hand axe.
You die...

... #.. .# ##.#....#.
#.##.##.# #.......#.
#.##.......# #..#<.....
........#.#######........ß
.....##..#..........##.###
#.......###.......#.# #
.....##....# #.##.#..#.# #
.#.# #.#.## #.##......# #
# #.o@.# #.##....###
###og# #.##.##.# ...#
#.##.##.# #.... #.......#
#...$.####.#### #.....#
#.# #.....# #.# #.....#
#.# #.#


You could see Ijyb, an orc priest and an orc.

Vanquished Creatures
  An adder (D:3)
  A dart slug (D:1)
  An orc (D:3)
  3 endoplasms
  A giant cockroach (D:2)
  2 goblins (D:3)
  A hobgoblin (D:3)
  A quokka (D:3)
  A ball python (D:1)
  A bat (D:1)
  A frilled lizard (D:1)
  5 rats
19 creatures vanquished.

Notes
Turn   | Place    | Note
-------+----------+-------------------------------------------
     0 | D:1      | Destinykillz the Demonspawn Reaver began the quest for the
                  | Orb.
     0 | D:1      | Reached XP level 1. HP: 16/16 MP: 3/3
   206 | D:1      | Gained mutation: You are partially covered in icy blue
                  | scales. (AC +2) [demonic ancestry]
   206 | D:1      | Reached XP level 2. HP: 15/21 MP: 5/5
   274 | D:1      | You fall into a shaft and drop 1 floor!
   745 | D:3      | Found Mountih's General Store.
   748 | D:3      | Bought a scroll of identify for 20 gold pieces
   822 | D:3      | Noticed Ijyb
   830 | D:3      | Gained mutation: You may rarely emit foul miasma when
                  | damaged in melee. [demonic ancestry]
   830 | D:3      | Reached XP level 3. HP: 14/28 MP: 6/6
   834 | D:3      | HP: 1/28 [Ijyb/puff of flame (9)]
   835 | D:3      | Slain by an orc priest

Illustrated notes

Levels and vault maps discovered:
D:1:      psy_arrival_statuary, layout_basic, serial_forest,
          infiniplex_forest_clump_small, infiniplex_forest_fountain,
          infiniplex_forest_clump_curved, infiniplex_forest_clump_curved,
          infiniplex_forest_lined_corner, infiniplex_forest_zigzag_1,
          infiniplex_forest_end_double, infiniplex_forest_clump_diagonal
D:2:      layout_loops_ring, uniq_robin
D:3:      layout_loops_cross, serial_shops, nicolae_shop_statue_plus, uniq_ijyb

Skill      XL: |  1  2 |
---------------+-------+-----
Dodging        | 2 |  2.1
Fighting       | |  2.3
Long Blades    | |  2.9
Spellcasting   | |  2.2
Conjurations   | |  3.3

Action                     || total
---------------------------++-------
  Melee: Falchion          ||    72
         Punch             ||     2
   Cast: Kiss of Death     ||     1
    Use: Scroll            ||     2
 Armour: Leather armour    ||    41
  Dodge: Dodged            ||    62

Table legend: (Time is in decaauts)
 A = Elapsed time spent in this place.
 B = Non-inter-level travel time spent in this place.
 C = Inter-level travel time spent in this place.
 D = Time resting spent in this place.
 E = Time spent auto-exploring this place.
 F = Levels seen in this place.
 G = Mean time per level.
                   A        B        C        D        E       F      G
               +--------+--------+--------+--------+--------+-----+--------+
         Total |    845 |    821 |     24 |      0 |    645 |   3 |  281.7 |
       Dungeon |    845 |    821 |     24 |      0 |    645 |   3 |  281.7 |
               +--------+--------+--------+--------+--------+-----+--------+

Top non-repeatable levels by time:
     D:3: 498 daAuts
     D:1: 277 daAuts
     D:2: 69 daAuts
